 Dungeon Crawl Stone Soup version 0.27.0-1-g7a08968 (webtiles) character file.

Game seed: 10431530428624712689

156 brinewave the Chopper (level 5, 0/63 (67) HPs)
             Began as a Minotaur Berserker on Aug 15, 2021.
             Was a Believer of Trog.
             Slain by a wight (6 damage)
             ... on level 2 of the Dungeon.
             The game lasted 00:05:26 (1770 turns).

brinewave the Chopper (Minotaur Berserker)          Turns: 1770, Time: 00:05:26

HP:   0/63 (67)     AC:  7    Str: 29    XL:     5   Next: 15%
MP:   4/4           EV: 12    Int:  4    God:    Trog [**....]
Gold: 163           SH:  0    Dex:  9    Spells: 4/4 levels left

rFire    + . .     SeeInvis .   j - +4 morningstar
rCold    . . .     Faith    .   (no shield)
rNeg     . . .     Spirit   .   g - +2 ring mail {rF+}
rPois    .         Reflect  .   (helmet restricted)
rElec    .         Harm     .   (no cloak)
rCorr    .         Rampage  .   (no gloves)
Will     .....                  (no boots)
Stlth    ..........             (no amulet)
HPRegen  0.20/turn              h - +6 ring of strength
MPRegen  0.09/turn              (no ring)

@: berserking (expiring), drained, very quick
A: horns 2, retaliatory headbutt
a: Renounce Religion, Berserk, Trog's Hand


You were on level 2 of the Dungeon.
You worshipped Trog.
Trog was pleased with you.
You visited 1 branch of the dungeon, and saw 3 of its levels.

You collected 163 gold pieces.

Inventory:

Hand Weapons
 a - a +0 hand axe
 i - a +1 whip of venom
 j - a +4 morningstar (weapon)
 m - a +0 battleaxe
Missiles
 e - 21 arrows
 k - 35 stones (quivered)
Armour
 b - a +0 animal skin
 g - a +2 ring mail of fire resistance (worn)
 l - a +0 scale mail
 n - a +0 buckler
Jewellery
 h - a +6 ring of strength (left hand)
Potions
 c - a potion of heal wounds
 d - a potion of lignification {unknown}
 f - a potion of flight {unknown}
 o - a potion of curing {unknown}


   Skills:
 - Level 3.6 Fighting
 + Level 4.9 Axes
 + Level 4.1 Armour
 + Level 3.7 Dodging
 + Level 1.5 Shields


You had 4 spell levels left.
You didn't know any spells.
Your spell library was empty.

Dungeon Overview and Level Annotations

Branches:
Dungeon (3/15)

Altars:


Innate Abilities, Weirdness & Mutations

You have a pair of horns on your head.
You reflexively headbutt those who attack you in melee.


Message History

j - a +4 morningstar You feel a strong urge to attack something.
Your +1 whip of venom stops dripping with poison.
j - a +4 morningstar (weapon)
You feel your anger nearly subside.
You are no longer berserk.
You are exhausted.
You feel yourself slow down.
There is a stone staircase leading down, spattered with blood here.
Things that are here:
a +0 battleaxe; a +0 robe
m - a +0 battleaxe
There is a stone staircase leading down, spattered with blood here.
You start resting.
You feel yourself speed up.
You start resting.
You recover from your berserk rage.
You start resting.
HP restored.
You climb downwards.
The wight barely misses you. The wight hits you with a +3 falchion!
The wight closely misses you. The wight hits you with a +3 falchion.
You feel drained.
There is a stone staircase leading up here.
A red film seems to cover your vision as you go berserk!
You feel yourself moving faster!
You feel mighty! The wight hits you with a +0 war axe!
The wight hits you with a +3 falchion!
You completely miss the wight. The wight hits you with a +0 war axe.
* * * LOW HITPOINT WARNING * * *
You feel drained.
* * * LOW HITPOINT WARNING * * *
The wight hits you with a +3 falchion.
* * * LOW HITPOINT WARNING * * *
You feel drained.
You are too berserk!
The wight closely misses you. The dart slug closely misses you.
You furiously retaliate!
You headbutt the dart slug.
You climb upwards.
You feel a strong urge to attack something.
There is a stone staircase leading down, spattered with blood here.
You barely miss the wight. The wight hits you with a +3 falchion.
You die...

#.##.####.####.#
.###)# #.# #.#
.# #.# #.# #.###
†# #.####.#
#...# .#
#......# ###.#
.###.###### #.#
.##.#..## #.#
####....### #z#
# #......# #@# #
##...#.# #w# #
##.##.# #z# #
#.##.## #.# #
#.#...#####.#
###
#...#..<....#
#.##
#.#...#######
...###.##.##
....##.##..##


You could see 2 wights and a dart slug.

Vanquished Creatures
  2 wights (D:2)
  3 adders (D:2)
  2 dart slugs (D:2)
  3 ball pythons
  An endoplasm (D:2)
  3 giant cockroaches
  2 goblins
  5 hobgoblins
  6 jackals
  4 kobolds
  3 quokkas (D:2)
  3 bats
  A frilled lizard (D:1)
  5 rats
43 creatures vanquished.

Vanquished Creatures (others)
  2 fungi (D:1)
  5 toadstools (D:1)
7 creatures vanquished.

Grand Total: 50 creatures vanquished

Notes
Turn   | Place    | Note
-------+----------+-------------------------------------------
     0 | D:1      | brinewave the Minotaur Berserker began the quest for the
                  | Orb.
     0 | D:1      | Reached XP level 1. HP: 19/19 MP: 0/0
   265 | D:1      | Reached XP level 2. HP: 26/26 MP: 1/1
   904 | D:2      | Reached XP level 3. HP: 31/31 MP: 2/2
  1158 | D:2      | Reached ** piety under Trog
  1336 | D:2      | Reached XP level 4. HP: 39/39 MP: 3/3
  1609 | D:2      | Reached skill level 1 in Shields
  1613 | D:2      | Reached XP level 5. HP: 30/45 MP: 4/4
  1770 | D:2      | Slain by a wight

Illustrated notes

Levels and vault maps discovered:
D:1:      minmay_arrival_floating_metal, layout_loops_cross,
          minmay_gold_behind_fungi
D:2:      layout_loops_ring, hangedman_feature_mirror, minmay_distorted
D:3:      layout_basic, led_sif_book, cheibrodos_ashenzari_chains,
          nicolae_gozag_cash_rules_everything_around_me,
          ebering_ecumenical_altar_box, uniq_terence

Skill      XL: |  1  2  3  4 |
---------------+-------------+-----
Axes           | 4 |  4.9
Armour         | 3 4 |  4.1
Dodging        | 3 |  3.7
Shields        | 1 |  1.5
Fighting       | |  3.6

Action                   |  1- 3 |  4- 6 || total
-------------------------+-------+-------++-------
Melee: Hand axe          |    21 |       ||    21
       Headbutt          |    12 |     2 ||    14
       Whip              |    41 |    14 ||    55
       Morningstar       |       |     2 ||     2
Invok: Berserk           |     3 |     2 ||     5
  Use: Scroll            |     2 |     2 ||     4
Armor: Ring mail         |    12 |     1 ||    13
       Animal skin       |     2 |       ||     2
Dodge: Dodged            |    36 |    16 ||    52
